 Dungeon Crawl Stone Soup version 0.22.0-49-gab54619674 (webtiles) character file.

44 JedernureinKreuz the Conjurer (level 3, 0/37 HPs)
             Began as a Gnoll Conjurer on Sept 8, 2018.
             Succumbed to an adder's poison
             ... on level 2 of the Dungeon.
             The game lasted 00:03:27 (715 turns).

JedernureinKreuz the Conjurer (Gnoll Conjurer)       Turns: 715, Time: 00:03:28

Health: 0/37       AC: 21    Str: 10    XL:     3   Next: 62%
Magic:  1/9        EV:  2    Int: 23    God:
Gold:   21         SH:  0    Dex: 15    Spells: 12/12 levels left

rFire    . . .     SeeInvis .   h - -1 club (curse)
rCold    . . .     Gourm    .   (no shield)
rNeg     + + +     Faith    .   (armour currently unavailable)
rPois    +         Spirit   .   (helmet currently unavailable)
rElec    .         Reflect  .   (cloak currently unavailable)
rCorr    .         Harm     .   (gloves currently unavailable)
MR       .....     NoTele   +   (boots currently unavailable)
Stlth    +++.......             (no amulet)
HPRegen  0.12/turn              (no ring)
MPRegen  0.11/turn              (no ring)

@: brilliant, lethally poisoned (0 -> -5), tree-form
A: distributed training, strong nose
a: no special abilities


You were on level 2 of the Dungeon.
You were not hungry.
You were a tree.
You visited 1 branch of the dungeon, and saw 2 of its levels.

You collected 21 gold pieces.

Inventory:

Hand Weapons
 h - a cursed -1 club (weapon)
Missiles
 f - 15 sling bullets
 g - 25 bolts
 k - 17 arrows
Armour
 a - a +0 robe (melded)
 e - a cursed +0 chain mail
 j - a +0 buckler
Comestibles
 c - a ration


   Skills:
 + Level 0.8 Fighting
 + Level 0.8 Short Blades
 + Level 0.8 Long Blades
 + Level 0.8 Axes
 + Level 0.8 Maces & Flails
 + Level 0.8 Polearms
 + Level 0.8 Staves
 + Level 0.8 Slings
 + Level 0.8 Bows
 + Level 0.8 Crossbows
 + Level 0.8 Throwing
 + Level 0.8 Armour
 + Level 4.5 Dodging
 + Level 4.1 Stealth
 + Level 0.8 Shields
 + Level 0.8 Unarmed Combat
 + Level 5.0 Spellcasting
 + Level 7.1 Conjurations
 + Level 0.5 Hexes
 + Level 0.5 Charms
 + Level 0.5 Summonings
 + Level 0.5 Necromancy
 + Level 0.5 Translocations
 + Level 0.5 Transmutations
 + Level 0.5 Fire Magic
 + Level 0.5 Ice Magic
 + Level 0.5 Air Magic
 + Level 0.5 Earth Magic
 + Level 0.5 Poison Magic
 + Level 1.0 Invocations
 + Level 0.8 Evocations


You had 12 spell levels left.
You didn't know any spells.
Your spell library contained the following spells:

 Spells                   Type           Power        Failure   Level  Hunger
 Magic Dart               Conj           ####         1%          1    None
 Searing Ray              Conj           ######       1%          2    None
 Dazzling Spray           Conj/Hex       #####.       1%          3    ##.....
 Iskenderun's Mystic Bla  Conj           ######..     1%          4    ####...
 Force Lance              Conj/Tloc      #####...     2%          4    ####...
 Fulminant Prism          Conj/Hex       #####.....   2%          4    ####...


Dungeon Overview and Level Annotations

Branches:
Dungeon (2/15)

Altars:


Innate Abilities, Weirdness & Mutations

Your experience applies equally to all skills.
((You have very sharp teeth.))
Your uncanny sense of smell can sniff out nearby items.


Message History

You feel sick.
It was a potion of brilliance.
You feel clever all of a sudden.
* * * LOW HITPOINT WARNING * * *
You feel sick.
As you read the scroll labeled EBEIX NISIECK, it crumbles to dust.
It is a scroll of identify.
e - a cursed +0 chain mail
* * * LOW HITPOINT WARNING * * *
You feel sick.
As you read the scroll labeled HIAJEGH BIOHA, it crumbles to dust.
It is a scroll of amnesia.
Your memory of Magic Dart unravels.
* * * LOW HITPOINT WARNING * * *
You feel sick.
* * * LOW HITPOINT WARNING * * *
You feel sick.
* * * LOW HITPOINT WARNING * * *
You feel sick.
You die...

# # ...... # .....
# #.... #### . .).
...# . ... ##.# #.
#.# #.# #. #.# #.#
#.###♣# #.#
#.#...#(# ##.#
#.......# ...#
#####.### ####
##.#.# ∆
###########....###
.................+
#.#########...####∆
#.# ##..# ∆


There were no monsters in sight!

Vanquished Creatures
  2 adders (D:2)
  An ooze (D:1)
  6 bats
  3 giant cockroaches
  3 goblins (D:1)
  2 hobgoblins
  2 kobolds (D:2)
  A frilled lizard (D:1)
  A rat (D:1)
21 creatures vanquished.

Notes
Turn   | Place    | Note
-------+----------+-------------------------------------------
     0 | D:1      | JedernureinKreuz the Gnoll Conjurer began the quest for the
                  | Orb.
     0 | D:1      | Reached XP level 1. HP: 13/13 MP: 6/6
   214 | D:1      | Reached XP level 2. HP: 19/19 MP: 3/7
   683 | D:2      | Reached skill level 5 in Spellcasting
   683 | D:2      | Reached XP level 3. HP: 25/25 MP: 5/9
   706 | D:2      | Reached skill level 1 in Invocations
   714 | D:2      | HP: 1/37 [poisoned by an adder]
   715 | D:2      | Succumbed to an adder's poison

Skill      XL: |  1  2  3 |
---------------+----------+-----
Spellcasting   | 5 |  5.0
Invocations    | 1 |  1.0
Fighting       | |  0.8
Short Blades   | |  0.8
Long Blades    | |  0.8
Axes           | |  0.8
Maces & Flails | |  0.8
Polearms       | |  0.8
Staves         | |  0.8
Slings         | |  0.8
Bows           | |  0.8
Crossbows      | |  0.8
Throwing       | |  0.8
Armour         | |  0.8
Dodging        | |  4.5
Stealth        | |  4.1
Shields        | |  0.8
Unarmed Combat | |  0.8
Conjurations   | |  7.1
Hexes          | |  0.5
Charms         | |  0.5
Summonings     | |  0.5
Necromancy     | |  0.5
Translocations | |  0.5
Transmutations | |  0.5
Fire Magic     | |  0.5
Ice Magic      | |  0.5
Air Magic      | |  0.5
Earth Magic    | |  0.5
Poison Magic   | |  0.5
Evocations     | |  0.8

Action                   || total
-------------------------++-------
Melee: Club              ||    11
 Cast: Magic Dart        ||    41
  Use: Scroll            ||     2
       Potion            ||     2
Armor: Robe              ||     2
Dodge: Dodged            ||    13
